 Dungeon Crawl Stone Soup version 0.22-a0-810-g93d1441 (webtiles) character file.

558 pox the Firebug (level 7, -5/90 HPs)
             Began as a Naga Fire Elementalist on July 22, 2018.
             Was a Follower of Vehumet.
             Slain by a mummy (17 damage)
             ... in an ossuary.
             The game lasted 00:38:59 (5871 turns).

pox the Firebug (Naga Fire Elementalist)            Turns: 5871, Time: 00:39:00

Health: -5/90      AC:  3    Str: 16    XL:     7   Next: 31%
Magic:  1/10       EV: 13    Int: 17    God:    Vehumet [*.....]
Gold:   289        SH:  0    Dex: 11    Spells: 4/10 levels left

rFire    . . .     SeeInvis +   C - +0 dagger (venom)
rCold    . . .     Gourm    .   (no shield)
rNeg     . . .     Faith    .   a - +0 robe
rPois    +         Spirit   .   (no helmet)
rElec    .         Reflect  .   m - scarf {repulsion}
rCorr    .         Harm     .   (no gloves)
MR       .....                  (no barding)
Stlth    ..........             (no amulet)
HPRegen  0.25/turn              e - +3 ring of evasion
MPRegen  0.12/turn              (no ring)

@: mighty, berserking, repel missiles, quick
A: large, see invisible, deformed body, poison resistance, slowness 2, slow
metabolism 1, spit poison 1, AC +2
a: Spit Poison, Renounce Religion


You were in an ossuary.
You worshipped Vehumet.
Vehumet was aware of your devotion.
You were very hungry.

You visited 1 branch of the dungeon, and saw 6 of its levels.
You also visited: Ossuary.

You collected 289 gold pieces.

Inventory:

Hand Weapons
 g - a +0 short sword
 v - a +0 quarterstaff
 x - a +0 hunting sling
 C - a +0 dagger of venom (weapon)
Missiles
 l - 101 stones (quivered)
 n - 41 poisoned needles
 q - 33 sling bullets
 u - 77 arrows
 z - 12 bolts
Armour
 a - a +0 robe (worn)
 h - a +0 cloak
 m - a scarf of repulsion (worn)
 B - a +0 shield
 E - a +2 scale mail of positive energy
Jewellery
 e - a +3 ring of evasion (left hand)
Scrolls
 d - 4 scrolls of remove curse
 i - 5 scrolls of teleportation
 j - 4 scrolls of identify
 p - a scroll of fear {unknown}
 s - a scroll of enchant armour {unknown}
 t - 2 scrolls of noise {unknown}
 A - 3 scrolls of magic mapping {unknown}
 D - a scroll of enchant weapon {unknown}
 G - a scroll of random uselessness {unknown}
Potions
 b - a potion of flight
 f - a potion of heal wounds {unknown}
 k - a potion of might
 o - a potion of mutation {unknown}
 w - a potion of curing
Comestibles
 c - 9 rations


   Skills:
 - Level 2.1 Fighting
 - Level 2.1 Dodging
 + Level 5.1 Stealth
 - Level 2.0 Spellcasting
 - Level 3.1 Conjurations
 * Level 6.3 Fire Magic


You had 4 spell levels left.
You knew the following spells:

 Your Spells              Type           Power        Failure   Level  Hunger
a - Flame Tongue          Conj/Fire      ###..        2%          1    #......
b - Throw Flame           Conj/Fire      ###...       4%          2    ###....
c - Conjure Flame         Conj/Fire      ###.....     9%          3    ###....

Your spell library contained the following spells:

 Spells                   Type           Power        Failure   Level  Hunger
 Fireball                 Conj/Fire      ###.......   61%         5    ######.
 Sticky Flame             Conj/Fire      ###.....     28%         4    #####..
 Inner Flame              Hex/Fire       ##......     16%         3    ###....


Dungeon Overview and Level Annotations

Branches:
Dungeon (6/15)
 Temple: D:4-7

Altars:
Cheibriados
Elyvilon
Gozag
Hepliaklqana
Ru
Vehumet
Wu Jian

Shops:
D:2 *   D:5 [


Innate Abilities, Weirdness & Mutations

You cannot wear boots.
Your serpentine skin is tough. (AC +2)
You have supernaturally acute eyesight. (SInv)
Armour fits poorly on your strangely shaped body.
Your system is resistant to poisons. (rPois)
You cover ground very slowly.
You have a slow metabolism.
You can spit poison.


Message History

The flame tongue misses the mummy.
The mummy closely misses you.
You hit the mummy.
The mummy is almost destroyed.
The mummy barely misses you.
It was a potion of might.
You feel very mighty all of a sudden. The mummy hits you!!
You hit the mummy.
You destroy the mummy!
Vehumet accepts your kill. The mummy closely misses you. x2
You barely miss the mummy. The mummy barely misses you. The mummy hits you!
* * * LOW HITPOINT WARNING * * *
It was a potion of curing.
You feel better. The mummy hits you!
* * * LOW HITPOINT WARNING * * *
The mummy barely misses you.
It was a potion of berserk rage.
A red film seems to cover your vision as you go berserk!
You feel yourself moving faster!
You feel mighty! The mummy hits you!
You die...

..........
........
......
#....#
#....#
#....#
#....#
#MM..#
#M@..#
#....#
#....#
#.∩∩.#
######


You could see 3 mummies.

Vanquished Creatures
  A water moccasin (D:6)
  A sky beast (D:5)
  A bullfrog (D:4)
  A crimson imp (D:5)
  A hound (D:5)
  2 orc wizards (D:4)
  2 worker ants (D:4)
  A hound zombie (D:5)
  A mummy (Ossuary)
  2 adders
  4 worms
  2 dart slugs (D:3)
  6 leopard geckos
  4 orcs
  4 giant cockroaches
  5 goblins
  8 hobgoblins
  A jackal (D:3)
  A quokka (D:2)
  3 ball pythons
  A ball python zombie (D:5)
  5 bats
  7 frilled lizards
  A gnoll zombie (Ossuary)
  A hobgoblin zombie (Ossuary)
  9 kobolds
  2 kobold zombies (Ossuary)
  2 orc zombies (Ossuary)
  A quokka skeleton (D:5)
  2 quokka zombies
  7 rats
89 creatures vanquished.

Notes
Turn   | Place    | Note
-------+----------+-------------------------------------------
     0 | D:1      | pox the Naga Fire Elementalist began the quest for the Orb.
     0 | D:1      | Reached XP level 1. HP: 15/15 MP: 3/3
   478 | D:1      | Reached XP level 2. HP: 22/22 MP: 3/5
  1231 | D:2      | Reached skill level 4 in Fire Magic
  1235 | D:2      | Learned a level 2 spell: Throw Flame
  1307 | D:2      | Reached XP level 3. HP: 24/28 MP: 1/6
  1416 | D:2      | Found a radiant altar of Vehumet.
  1424 | D:2      | Became a worshipper of Vehumet
  1476 | D:2      | Found a sacrificial altar of Ru.
  1744 | D:2      | Found an opulent altar of Gozag.
  1864 | D:2      | Found Gozag's Platinum Reserve.
  2256 | D:3      | Found a white marble altar of Elyvilon.
  2504 | D:3      | Reached XP level 4. HP: 36/36 MP: 4/7
  2539 | D:3      | Reached * piety under Vehumet
  2539 | D:3      | Offered knowledge of Sandblast by Vehumet.
  2544 | D:3      | Learned a level 3 spell: Conjure Flame
  2568 | D:3      | Upgraded the game from 0.22-a0-809-gcdea453 to 0.22-a0-810-g93d1441
  3203 | D:4      | Reached skill level 5 in Fire Magic
  3313 | D:4      | Found a snail-covered altar of Cheibriados.
  3350 | D:4      | Reached XP level 5. HP: 42/42 MP: 6/8
  3371 | D:4      | Reached skill level 1 in Fighting
  3642 | D:4      | Reached XP level 6. HP: 21/52 MP: 0/9
  4170 | D:5      | Entered Level 5 of the Dungeon
  4388 | D:5      | Found Mapunnem's Armour Boutique.
  4505 | D:5      | Found an ornate altar of the Wu Jian Council.
  4505 | D:5      | Found a hazy altar of Hepliaklqana.
  5078 | D:5      | Noticed a sky beast
  5083 | D:5      | Killed a sky beast
  5083 | D:5      | Reached XP level 7. HP: 45/60 MP: 1/10
  5555 | D:6      | Reached skill level 5 in Stealth
  5555 | D:6      | Reached skill level 6 in Fire Magic
  5771 | D:6      | Found a sand-covered staircase.
  5780 | Ossuary  | Entered an ossuary
  5871 | Ossuary  | Slain by a mummy

Vault maps used:
D:1:      mrwooster_arrival_statue, due_unseen_surprise
D:2:      lemuel_crystal_altar, nicolae_gozag_zags_fifth_avenue,
          nicolae_ru_awakened_eye
D:3:      elyvilon_altar_1, serial_bayou, serial_bayou_pond_b,
          serial_bayou_pond_e, serial_bayou_pond_e, serial_bayou_lake_a
D:4:      nicolae_overflow_hidden_temple, first_ration
D:5:      gammafunk_temple_overflow_pools, serial_shops,
          nicolae_shop_behind_doors, minmay_holes
D:6:      lemuel_coloured_pillars_altar, nemelex_xobeh_ov_fountains_minmay,
          minmay_temple_entry_overgrown, nicolae_ossuary_entry_plus
Ossuary:  ossuary_tomb_3

Skill      XL: |  1  2  3  4  5  6  7 |
---------------+----------------------+-----
Fire Magic     | 4 5 6 |  6.3
Conjurations   | 2 3 |  3.1
Fighting       | 2 |  2.1
Dodging        | 2 |  2.1
Stealth        | 4 5 |  5.1
Spellcasting   | |  2.0

Action                   |  1- 3 |  4- 6 |  7- 9 || total
-------------------------+-------+-------+-------++-------
Melee: Short sword       |     2 |    11 |       ||    13
       Quarterstaff      |     2 |     4 |       ||     6
       Dagger            |       |    31 |    16 ||    47
 Fire: Hunting sling     |     1 |       |       ||     1
 Cast: Flame Tongue      |    31 |    18 |     8 ||    57
       Throw Flame       |    19 |    34 |     9 ||    62
       Conjure Flame     |       |     4 |     4 ||     8
 Abil: Spit Poison       |    18 |    17 |     2 ||    37
  Use: Scroll            |       |     1 |     1 ||     2
       Potion            |       |       |     4 ||     4
 Stab: Sleeping          |       |     1 |       ||     1
  Eat: Chunk             |     6 |     6 |     1 ||    13
       Ration            |       |     2 |       ||     2
Armor: Robe              |     8 |    12 |     1 ||    21
Dodge: Dodged            |     7 |    36 |    13 ||    56
       Deflected         |     1 |       |       ||     1

Table legend:
 A = Spawn XP
 B = Non-spawn XP
 C = Spawn XP percentage of total XP
 D = Spawn monster count
 E = Non-spawn monster count
 F = Spawn count percentage of total count
 G = Total turns spent on level
                    A         B        C        D         E        F      G
               +---------+---------+-------+---------+---------+-------+---------
         Total |       0 |     798 |   0.0 |       0 |      89 |   0.0 |  5871
               +---------+---------+-------+---------+---------+-------+---------
           D:1 |       0 |      26 |   0.0 |       0 |      18 |   0.0 |  1156
           D:2 |       0 |      25 |   0.0 |       0 |      13 |   0.0 |  1009
           D:3 |       0 |      39 |   0.0 |       0 |      20 |   0.0 |   820
           D:4 |       0 |     276 |   0.0 |       0 |      20 |   0.0 |  1185
           D:5 |       0 |     260 |   0.0 |       0 |       9 |   0.0 |  1239
           D:6 |       0 |     148 |   0.0 |       0 |       2 |   0.0 |   371
       Ossuary |       0 |      24 |   0.0 |       0 |       7 |   0.0 |    91
               +---------+---------+-------+---------+---------+-------+---------
